 Dungeon Crawl Stone Soup version 0.30-a0-331-g8ab09dc110 (webtiles) character file.

Game seed: 5875615168254340886

2755 oldriver the Thaumaturge (level 10, -10/75 HPs)
             Began as a Human Hedge Wizard on Oct 29, 2022.
             Was an Initiate of Gozag.
             Killed from afar by a steam dragon (17 damage)
             ... with a ball of steam
             ... on level 7 of the Dungeon.
             The game lasted 00:24:24 (10507 turns).

oldriver the Thaumaturge (Human Hedge Wizard)      Turns: 10507, Time: 00:24:26

Health: -10/75     AC:  3    Str: 11    XL:     10   Next: 0%
Magic:  22/22      EV: 16    Int: 24    God:    Gozag
Gold:   514        SH:  0    Dex: 13    Spells: 13/25 levels left

rFire   . . .      SeeInvis +    r - +4 sling of Proximity {speed, Drain rN+ Will+ SInv}
rCold   . . .      Faith    .    (no shield)
rNeg    + . .      Spirit   .    b - +0 robe
rPois   .          Reflect  .    c - +0 hat
rElec   .          Harm     .    i - +0 cloak
rCorr   .          Rampage  .    (no gloves)
Will    +....                    (no boots)
Stlth   ++........               (no amulet)
HPRegen 0.32/turn                t - +4 ring of evasion
MPRegen 0.18/turn                g - +6 ring of intelligence

@: no status effects
A: no striking features
a: Renounce Religion, Potion Petition, Call Merchant, Bribe Branch


You were on level 7 of the Dungeon.
You worshipped Gozag.
Gozag was pleased with you.
You visited 2 branches of the dungeon, and saw 8 of its levels.

You collected 629 gold pieces.
You paid 115 gold pieces to Gozag.

Inventory:

Hand Weapons
 k - a +2 falchion of holy wrath
 r - the +4 sling of Proximity (weapon) {speed, Drain rN+ Will+ SInv}
   (You found it on level 5 of the Dungeon)

   Attacks with this weapon are significantly faster.
   rN:        It protects you from negative energy.
   SInv:      It lets you see invisible.
   Drain:     It drains your maximum health when unequipped.
   Will:      It increases your willpower.
Armour
 b - a +0 robe (worn)
 c - a +0 hat (worn)
 i - a +0 cloak (worn)
Jewellery
 g - a +6 ring of intelligence (right hand)
 t - a +4 ring of evasion (left hand)
Wands
 w - a wand of digging (1)
Scrolls
 e - a scroll of noise
 f - a scroll of fear {unknown}
 h - a scroll of poison {unknown}
 j - a scroll of teleportation
 n - 2 scrolls of enchant weapon
 o - 2 scrolls of blinking {unknown}
 s - a scroll of fog {unknown}
Potions
 a - a potion of berserk rage
 d - 2 potions of magic
 l - 2 potions of flight
 m - 2 potions of brilliance
 q - 3 potions of lignification
 v - 3 potions of might


   Skills:
 + Level 5.6 Fighting
 - Level 3.0 Ranged Weapons
 - Level 2.0 Dodging
 - Level 2.0 Stealth
 * Level 8.3 Spellcasting
 - Level 5.0 Conjurations
 - Level 5.0 Summonings
 - Level 1.0 Translocations
 + Level 1.2 Ice Magic


You had 13 spell levels left.
You knew the following spells:

 Your Spells              Type           Power      Damage    Failure   Level
a - Magic Dart            Conj           100%       1d8       1%          1
b - Call Imp              Summ           34%        N/A       1%          2
c - Blink                 Tloc           28%        N/A       6%          2
d - Slow                  Hex            40%        N/A       6%          1
f - Frozen Ramparts       Ice            30%        1d5       12%         3
h - Hailstorm             Conj/Ice       24%        3d7       5%          3

Your spell library contained the following spells:

 Spells                   Type           Power      Damage    Failure   Level
 Freeze                   Ice            60%        1d7       3%          1
 Apportation              Tloc           28%        N/A       4%          1
 Beastly Appendage        Tmut           20%        N/A       6%          1
 Cigotuvi's Dreadful Rot  Necr/Pois/Air  20%        N/A       10%         2
 Wereblood                Tmut           10%        N/A       10%         2
 Mephitic Cloud           Conj/Pois/Air  18%        N/A       10%         3
 Inner Flame              Hex/Fire       10%        N/A       19%         3
 Spider Form              Tmut/Pois      10%        N/A       19%         3
 Tukima's Dance           Hex            10%        N/A       19%         3
 Flame Wave               Conj/Fire      22%        2d8       22%         4
 Sticky Flame             Conj/Fire      22%        2d4       22%         4
 Passage of Golubria      Tloc           14%        N/A       38%         4
 Alistair's Intoxication  Tmut/Pois      6%         N/A       86%         5
 Yara's Violent Unravell  Hex/Tmut       5%         3d4       86%         5


Dungeon Overview and Level Annotations

Branches:
Dungeon (7/15)             Temple (1/1) D:6

Altars:
Cheibriados
Dithmenos
Fedhas
Gozag
Hepliaklqana
Kikubaaqudgha
Makhleb
Okawaru
Qazlal
Sif Muna
Uskayaw
Wu Jian
Xom
Yredelemnul
The Shining One

Shops:
D:5 (   D:6 (

Annotations:
D:7 Menkaure


Message History

Your crimson imp blinks!
The steam dragon completely misses you. The steam dragon barely misses you.
Casting: Magic Dart (safe; 1% risk of failure)
Confirm with . or Enter, or press ? or * to list all spells.
Casting: Frozen Ramparts (dangerous; 12% risk of failure)
Press: ? - help, Dir - look around, f - activate
There is a cloud of steam here.
The walls around you are covered in ice.
You are engulfed in a cloud of scalding steam.
* * * LOW HITPOINT WARNING * * *
The wall freezes the steam dragon but does no damage.
The steam dragon barely misses you. The steam dragon claws you.
* * * LOW HITPOINT WARNING * * *
Casting: Frozen Ramparts (dangerous; 12% risk of failure)
Confirm with . or Enter, or press ? or * to list all spells.
Okay, then.
Do you really want to go berserk while wielding the +4 sling of Proximity {speed, Drain rN+ Will+ SInv}?
Okay, then.
You are confused.
You feel invigorated.
The wall freezes the steam dragon.
The steam dragon bites you!
* * * LOW HITPOINT WARNING * * *
The steam dragon barely misses you.
Unknown command.
Your frozen ramparts will break if you move.
Continue?
The frozen ramparts melt away as you move.
You are engulfed in a cloud of scalding steam.
* * * LOW HITPOINT WARNING * * *
The steam dragon bites you.
* * * LOW HITPOINT WARNING * * *
The steam dragon completely misses you.
Unknown command.
Are you sure you want to stumble around while confused and next to your crimson imp?
You feel less invigorated.
You feel less confused.
Your crimson imp blinks!
The steam dragon breathes steam at you. The ball of steam hits you!
You die...
Your body crumbles into a pile of gold.

#...... ...... ..c. ... #.#
.# ######.##### #######.###
#....>5$...###........^....
#.....[....##............#.
#.........@................
#.......ยง.D#<.....<........
#..........................
########..##...............
##..#...............
##.................
###.#...>.........
#....#.####....#
####.#.##......#


You could see a steam dragon (catching breath, ally target) and a friendly
crimson imp (summoned).

Vanquished Creatures
  An unseen horror (D:6)
  2 ice beasts
  An ogre (D:6)
  A centaur (D:7)
  2 phantoms
  2 kobold brigands
  2 necrophages
  3 bullfrogs (D:6)
  2 jellies (D:5)
  A scorpion (D:6)
  A howler monkey (D:6)
  A hound (D:4)
  An orc priest (D:4)
  2 gnoll boudas (D:6)
  5 iguanas
  3 orc wizards
  A gnoll (D:4)
  5 adders
  2 white imps
  2 ufetubi
  11 orcs
  3 ball pythons
  8 bats
  8 endoplasms
  3 giant cockroaches
  3 goblins
  10 hobgoblins
  A jackal (D:2)
  A quokka (D:2)
  2 frilled lizards (D:1)
  A goblin skeleton (D:4)
  A hobgoblin zombie (D:4)
  12 kobolds
  A kobold zombie (D:4)
  An orc skeleton (D:4)
  An orc zombie (D:4)
  7 rats
114 creatures vanquished.

Vanquished Creatures (collateral kills)
  A wyvern (D:6)
  An ogre (D:5)
  A centaur (D:5)
  A kobold brigand (D:6)
  A scorpion (D:5)
  3 jellies (D:5)
  5 orc priests
  2 iguanas
  2 orc wizards
  2 gnolls (D:4)
  2 adders (D:6)
  A white imp (D:6)
  14 orcs
  A goblin (D:3)
  4 kobolds
  A ball python (D:4)
  A goblin skeleton (D:4)
  A kobold skeleton (D:4)
  2 kobold zombies (D:4)
  An orc zombie (D:4)
47 creatures vanquished.

Vanquished Creatures (others)
  10 plants
10 creatures vanquished.

Grand Total: 171 creatures vanquished

Notes
Turn   | Place    | Note
-------+----------+-------------------------------------------
     0 | D:1      | oldriver the Human Hedge Wizard began the quest for the
                  | Orb.
     0 | D:1      | Reached XP level 1. HP: 13/13 MP: 4/4
   237 | D:1      | You fall into a shaft and drop 1 floor!
   298 | D:2      | Reached XP level 2. HP: 20/20 MP: 1/6
   422 | D:2      | Found a snail-covered altar of Cheibriados.
   814 | D:2      | Reached skill level 1 in Fighting
   904 | D:2      | Reached XP level 3. HP: 26/26 MP: 2/7
  1062 | D:2      | Learned a level 2 spell: Call Imp
  1876 | D:1      | Reached XP level 4. HP: 32/32 MP: 6/9
  2935 | D:2      | Reached skill level 4 in Spellcasting
  2935 | D:2      | Reached XP level 5. HP: 12/38 MP: 9/11
  4096 | D:4      | Found a glowing golden altar of the Shining One.
  4390 | D:3      | Learned a level 2 spell: Blink
  4392 | D:3      | Learned a level 1 spell: Slow
  4607 | D:4      | Reached XP level 6. HP: 40/44 MP: 2/12
  5809 | D:4      | Reached XP level 7. HP: 38/51 MP: 9/14
  6073 | D:4      | Reached skill level 5 in Spellcasting
  6119 | D:5      | Entered Level 5 of the Dungeon
  7072 | D:5      | Reached XP level 8. HP: 58/58 MP: 8/16
  7228 | D:5      | Reached skill level 6 in Spellcasting
  7391 | D:5      | Identified the +4 sling of Proximity {speed, Drain rN+
                  | Will+ SInv}
  7543 | D:5      | Found a shimmering blue altar of Sif Muna.
  7544 | D:5      | Found a shadowy altar of Dithmenos.
  7615 | D:5      | Found Yfud's Hydra Hut.
  7630 | D:5      | Noticed a seven-headed hydra
  7917 | D:5      | Reached skill level 1 in Ranged Weapons
  7963 | D:6      | Found a staircase to the Ecumenical Temple.
  8045 | Temple   | Entered the Ecumenical Temple
  8122 | Temple   | Became a worshipper of Gozag Ym Sagoz the Greedy
  8295 | D:6      | Found Vomi's Weapon Shop.
  8346 | D:6      | Reached XP level 9. HP: 66/66 MP: 15/19
  8500 | D:6      | Reached skill level 7 in Spellcasting
  8802 | D:6      | Reached skill level 5 in Summonings
  9318 | D:6      | Reached skill level 5 in Fighting
  9458 | D:7      | Noticed Menkaure
  9698 | D:6      | Noticed an unseen horror
  9720 | D:6      | Killed an unseen horror
  9721 | D:6      | Reached skill level 8 in Spellcasting
  9949 | D:6      | Learned a level 3 spell: Hailstorm
  9953 | D:6      | Learned a level 3 spell: Frozen Ramparts
 10402 | D:7      | Reached skill level 1 in Ice Magic
 10482 | D:7      | Reached skill level 5 in Conjurations
 10482 | D:7      | Reached XP level 10. HP: 66/75 MP: 19/22
 10506 | D:7      | HP: 2/75 [steam dragon (6)]
 10507 | D:7      | Killed from afar by a steam dragon

Illustrated notes

Levels and vault maps discovered:
D:1:      dpeg_arrival_water_fire, layout_rooms, st_stairs_9,
          serial_bayou_ford_a
D:2:      layout_basic, basic_altar, minmay_heptomino_o4
D:3:      layout_loops_ring
D:4:      layout_gridville, nicolae_tso_besieged_by_evil
D:5:      layout_gridville, gammafunk_temple_overflow_statue,
          doesnt_shop_hydraphobe
D:6:      layout_rooms, minmay_temple_entry_mist, serial_shops,
          kennysheep_mini_moat, nzn_random_ring
D:7:      layout_rooms, mainiacjoe_overflow_surrounded_room, uniq_joseph,
          uniq_menkaure, uniq_prince_ribbit1
Temple:   hellmonk_temple_of_storms

Skill      XL: |  1  2  3  4  5  6  7  8  9 |
---------------+----------------------------+-----
Fighting       | 1 2 3 4 5 |  5.6
Summonings     | 2 3 4 5 |  5.0
Spellcasting   | 4 5 6 8 |  8.3
Conjurations   | 2 3 4 5 |  5.0
Ranged Weapons | 1 3 |  3.0
Ice Magic      | 1 |  1.2
Dodging        | |  2.0
Stealth        | |  2.0
Translocations | |  1.0

Action                   |  1- 3 |  4- 6 |  7- 9 | 10-12 || total
-------------------------+-------+-------+-------+-------++-------
Melee: Dagger            |    26 |    42 |    10 |       ||    78
       Punch             |       |     1 |       |       ||     1
 Fire: Sling             |       |       |   213 |     3 ||   216
 Cast: Magic Dart        |   106 |   151 |    60 |     1 ||   318
       Call Imp          |       |    46 |    62 |     1 ||   109
       Slow              |       |     1 |     3 |     1 ||     5
       Blink             |       |     1 |     3 |       ||     4
       Frozen Ramparts   |       |       |     6 |     2 ||     8
       Hailstorm         |       |       |     1 |       ||     1
  Use: Potion            |       |     5 |       |     2 ||     7
       Scroll            |       |     3 |     5 |       ||     8
Armor: Robe              |    23 |    15 |    18 |     1 ||    57
Dodge: Dodged            |    39 |    49 |   118 |     7 ||   213

Table legend: (Time is in decaauts)
 A = Elapsed time spent in this place.
 B = Non-inter-level travel time spent in this place.
 C = Inter-level travel time spent in this place.
 D = Time resting spent in this place.
 E = Time spent auto-exploring this place.
 F = Levels seen in this place.
 G = Mean time per level.
                   A        B        C        D        E       F      G
               +--------+--------+--------+--------+--------+-----+--------+
         Total |  10528 |  10060 |    468 |   2935 |   4948 |   8 | 1316.0 |
       Dungeon |  10441 |   9973 |    468 |   2935 |   4924 |   7 | 1491.6 |
        Temple |     86 |     86 |      0 |      0 |     24 |   1 |   86.0 |
               +--------+--------+--------+--------+--------+-----+--------+

Top non-repeatable levels by time:
     D:4: 2390 daAuts
     D:6: 1966 daAuts
     D:5: 1794 daAuts
     D:3: 1757 daAuts
     D:2: 1158 daAuts
     D:1: 1146 daAuts
     D:7: 227 daAuts
  Temple: 86 daAuts
